 Dungeon Crawl Stone Soup version 0.28-a0-662-g1651b1f1e0 (webtiles) character file.

Game seed: 12842947668813038318

2926 Zenkrye the Cleaver (level 9, -3/70 HPs)
             Began as a Palentonga Berserker on Oct 14, 2021.
             Was a Priest of Trog.
             Slain by Menkaure (7 damage)
             ... on level 7 of the Dungeon.
             The game lasted 00:16:52 (7372 turns).

Zenkrye the Cleaver (Palentonga Berserker)          Turns: 7372, Time: 00:16:53

Health: -3/70      AC: 19    Str: 20    XL:     9   Next: 50%
Magic:  9/9        EV:  4    Int:  8    God:    Trog [***...]
Gold:   396        SH:  0    Dex: 13    Spells: 8/8 levels left

rFire   . . .      SeeInvis +   a - +0 hand axe (venom)
rCold   . . .      Faith    .   (no shield)
rNeg    . . .      Spirit   .   f - +0 chain mail
rPois   .          Reflect  .   (no helmet)
rElec   .          Harm     .   (no cloak)
rCorr   .          Rampage  .   (no gloves)
Will    .....                   v - +0 barding
Stlth   ..........              (no amulet)
HPRegen 0.21/turn               (no ring)
MPRegen 0.11/turn               (no ring)

@: on berserk cooldown, slowed, curled up, very slow
A: large, rugged brown scales 3, see invisible, deformed body, roll 1, armoured
tail, reflexive curl
a: Rolling Charge, Renounce Religion, Berserk, Trog's Hand


You were on level 7 of the Dungeon.
You worshipped Trog.
Trog was most pleased with you.
You visited 1 branch of the dungeon, and saw 7 of its levels.
You also visited: Sewer.

You collected 396 gold pieces.

Inventory:

Hand Weapons
 a - a +0 hand axe of venom (weapon)
Missiles
 n - 2 curare-tipped darts
 q - 3 throwing nets {!f}
Armour
 b - a +0 animal skin
 f - a +0 chain mail (worn)
 o - a +0 ring mail
 v - a +0 barding (worn)
 A - a +0 kite shield
Jewellery
 t - a +6 ring of intelligence
 w - an amulet of magic regeneration
 x - a ring of magical power
Wands
 g - a wand of iceblast (6) {@v4}
 y - a wand of polymorph (9)
Scrolls
 d - a scroll of immolation
 i - a scroll of enchant armour {unknown}
 p - a scroll of brand weapon
 s - 2 scrolls of teleportation {@r3}
Potions
 c - 2 potions of magic
 e - 6 potions of heal wounds {@q2}
 h - 3 potions of curing {@q1}
 j - a potion of attraction
 k - 2 potions of haste {@q3}
 l - 3 potions of mutation
 m - 4 potions of lignification {unknown}
 r - 5 potions of invisibility {unknown}
 z - a potion of resistance {unknown}


   Skills:
 + Level 4.7 Fighting
 + Level 11.6 Axes
 + Level 3.4 Armour
 - Level 1.5 Dodging
 + Level 2.0 Shields
 - Level 3.0 Evocations


You had 8 spell levels left.
You didn't know any spells.
Your spell library contained the following spells:

 Spells                   Type           Power      Damage    Failure   Level
 Ensorcelled Hibernation  Hex/Ice        0%         N/A       100%        2
 Conjure Flame            Conj/Fire      0%         6-21      100%        3
 Ignite Poison            Fire/Tmut/Pois 0%         N/A       100%        3
 Mephitic Cloud           Conj/Pois/Air  0%         N/A       100%        3
 Tukima's Dance           Hex            0%         N/A       100%        3
 Sticky Flame             Conj/Fire      0%         2d3       100%        4
 Freezing Cloud           Conj/Ice/Air   0%         6-21      100%        5
 Borgnjor's Revivificati  Necr           0%         N/A       100%        8
 Necromutation            Tmut/Necr      0%         N/A       100%        8
 Death's Door             Necr           0%         N/A       100%        9


Dungeon Overview and Level Annotations

Branches:
Dungeon (7/15)              Sewer (visited)
 Temple: D:4-7

Altars:
Ashenzari
Dithmenos
Elyvilon
Hepliaklqana
Okawaru

Annotations:
D:7 1 runed translucent door, Crazy Yiuf, Menkaure


Innate Abilities, Weirdness & Mutations

You are completely covered in rugged brown scales. (AC +3, +7% HP)
You have supernaturally acute eyesight. (SInv)
Armour fits poorly on your strangely shaped body.
You can roll at nearby foes to attack.
You have a long armoured tail.
You curl defensively after being hit.


Message History

The howler monkey hits you but does no damage.
The howler monkey hits you.
You slash the howler monkey! You tail-slap the howler monkey.
The howler monkey is almost dead.
You kill the howler monkey!
Trog accepts your kill.
No target in view!
No target in view!
Menkaure, Prince of Dust comes into view.
There is an open door, spattered with blood here.
Things that are here:
a +0 shortbow; 25 arrows; a centaur corpse You close the door.
You start resting.
Menkaure, Prince of Dust opens the door.
Menkaure casts a spell.
Menkaure seems to speed up.
Menkaure points at you and mumbles some strange words.
Pain shoots through your body!
There is a broken door, spattered with blood here.
You barely miss Menkaure. You tail-slap Menkaure!
Menkaure is moderately damaged.
Menkaure hits you but does no damage. Menkaure hits you!!
* * * LOW HITPOINT WARNING * * *
You're still recovering from your berserk rage.
You hit Menkaure but do no damage.
You tail-slap Menkaure, but do no damage.
Menkaure is moderately damaged.
Menkaure hits you!
* * * LOW HITPOINT WARNING * * *
You hit Menkaure.
Menkaure is heavily damaged.
Menkaure barely misses you.
You slash Menkaure!
Menkaure is severely damaged.
Menkaure hits you but does no damage.
You hit Menkaure.
Your tail-slap misses Menkaure.
Menkaure is almost destroyed.
Menkaure hits you!
You die...

..#....##..##
..#.........#
..#.........#
..##+####..######
. ..#
##.......#######..
..
#........#.$......
..
#........#........
..
#........#........
#.
##...##.M@).......
#...##..#######..
.....#..†#
.......#.....
........#.......
##.###..##........
# #. #####.......#
# ...##M..# # ...#
...#


You could see Menkaure (fast).

Vanquished Creatures
  Joseph (D:7)
  Sigmund (D:2)
  3 water moccasins
  A sky beast (D:6)
  An ice beast (D:7)
  A black bear (D:5)
  A necrophage (D:5)
  3 centaurs
  An ogre (D:5)
  2 phantoms
  3 kobold brigands
  2 bullfrogs
  4 howler monkeys
  A bullfrog zombie (D:6)
  A hound (D:5)
  2 bullfrog skeletons (D:5)
  3 orc priests
  A centaur skeleton (D:6)
  Jessica (D:2)
  An iguana (D:5)
  4 orc wizards
  A howler monkey zombie (D:6)
  7 gnolls
  12 adders
  5 river rats
  2 shadow imps
  2 white imps (D:7)
  An adder skeleton (D:4)
  4 worms
  2 dart slugs (D:4)
  15 orcs
  4 endoplasms
  2 giant cockroaches (D:1)
  2 goblins (D:1)
  8 hobgoblins
  10 jackals
  23 kobolds
  A quokka (D:1)
  6 ball pythons
  7 bats
  6 frilled lizards
  33 rats
191 creatures vanquished.

Vanquished Creatures (others)
  12 plants (D:6)
12 creatures vanquished.

Grand Total: 203 creatures vanquished

Notes
Turn   | Place    | Note
-------+----------+-------------------------------------------
     0 | D:1      | Zenkrye the Palentonga Berserker began the quest for the
                  | Orb.
     0 | D:1      | Reached XP level 1. HP: 19/19 MP: 1/1
   267 | D:1      | Reached XP level 2. HP: 25/25 MP: 2/2
   610 | D:1      | Reached skill level 4 in Axes
   736 | D:1      | Reached XP level 3. HP: 26/31 MP: 3/3
   890 | D:1      | Reached ** piety under Trog
  1376 | D:2      | Noticed Sigmund
  1386 | D:2      | Killed Sigmund
  1387 | D:2      | Reached skill level 6 in Axes
  1387 | D:2      | Reached XP level 4. HP: 37/37 MP: 4/4
  1387 | D:2      | Reached XP level 5. HP: 43/43 MP: 5/5
  1799 | D:2      | Noticed Jessica
  1803 | D:2      | Killed Jessica
  2115 | D:3      | Reached XP level 6. HP: 44/50 MP: 6/6
  2158 | D:3      | Found a shadowy altar of Dithmenos.
  2315 | D:3      | Found a white marble altar of Elyvilon.
  2690 | D:3      | Reached skill level 7 in Axes
  2697 | D:3      | Found a faded altar of an unknown god.
  3340 | D:4      | Found an iron altar of Okawaru.
  3477 | D:4      | Found a broken altar of Ashenzari.
  3628 | D:4      | Reached skill level 8 in Axes
  3628 | D:4      | Gained mutation: You curl defensively after being hit.
                  | [Palentonga growth]
  3628 | D:4      | Reached XP level 7. HP: 54/55 MP: 7/7
  3645 | D:4      | Noticed a two-headed ogre
  3752 | D:4      | Found a hazy altar of Hepliaklqana.
  3769 | D:5      | Entered Level 5 of the Dungeon
  3793 | D:5      | HP: 2/55 [ogre (17)]
  4049 | D:5      | Reached skill level 9 in Axes
  4209 | D:5      | Reached XP level 8. HP: 47/62 MP: 8/8
  4336 | D:5      | Reached skill level 10 in Axes
  5238 | D:6      | Reached skill level 11 in Axes
  5267 | D:6      | Found a glowing drain.
  5271 | Sewer    | Entered a sewer
  5441 | Sewer    | Reached *** piety under Trog
  5636 | Sewer    | Reached skill level 1 in Evocations
  6861 | D:6      | Reached XP level 9. HP: 66/69 MP: 9/9
  7045 | D:6      | Identified a scroll of acquirement
  7045 | D:6      | Acquired 643 gold pieces
  7127 | D:7      | Found a runed translucent door.
  7128 | D:7      | Noticed Crazy Yiuf
  7205 | D:7      | Noticed Joseph
  7228 | D:7      | Killed Joseph
  7229 | D:7      | Reached skill level 1 in Shields
  7359 | D:7      | Noticed Menkaure
  7369 | D:7      | HP: 3/70 [Menkaure (15)]
  7372 | D:7      | Slain by Menkaure

Illustrated notes

Levels and vault maps discovered:
D:1:      dpeg_arrival_radiant, layout_loops_ring
D:2:      layout_loops_ring, serial_glass, glass_columns_a, glass_columns_b,
          uniq_sigmund, uniq_jessica
D:3:      layout_loops_ring, mainiacjoe_overflow_catwalk_spiral,
          shapermc_ecumenical_altar_pompeii
D:4:      layout_cave_pools, amcnicky_altar_gilded, mainiacjoe_overflow_catwalk,
          mainiacjoe_overflow_concentric_impassable
D:5:      layout_loops_ring
D:6:      layout_cave_pools, lightli_sewer_entry_pipes, lexackson_kobold_supper
D:7:      layout_gridville, minmay_temple_entry_hall, minivault_27,
          uniq_crazy_yiuf_cottage, uniq_joseph, uniq_harold, uniq_menkaure

Skill      XL: |  1  2  3  4  5  6  7  8  9 |
---------------+----------------------------+-----
Axes           | 4 6 8 9 11 | 11.6
Armour         | 2 3 |  3.4
Evocations     | 2 3 |  3.0
Fighting       | 4 |  4.7
Shields        | 2 |  2.0
Dodging        | |  1.5

Action                   |  1- 3 |  4- 6 |  7- 9 || total
-------------------------+-------+-------+-------++-------
Melee: Hand axe          |    81 |   113 |   345 ||   539
       Tailslap          |     7 |    17 |    54 ||    78
Invok: Berserk           |     2 |     4 |     6 ||    12
       Trog's Hand       |     1 |     5 |    15 ||    21
 Abil: Rolling Charge    |       |       |     2 ||     2
  Use: Scroll            |       |     6 |    10 ||    16
 Stab: Sleeping          |     2 |       |       ||     2
Armor: Animal skin       |    52 |       |       ||    52
       Ring mail         |       |    10 |       ||    10
       Chain mail        |       |    55 |   189 ||   244
Dodge: Dodged            |    44 |    34 |    63 ||   141

Table legend: (Time is in decaauts)
 A = Elapsed time spent in this place.
 B = Non-inter-level travel time spent in this place.
 C = Inter-level travel time spent in this place.
 D = Time resting spent in this place.
 E = Time spent auto-exploring this place.
 F = Levels seen in this place.
 G = Mean time per level.
                   A        B        C        D        E       F      G
               +--------+--------+--------+--------+--------+-----+--------+
         Total |   7450 |   7183 |    267 |    604 |   5248 |   8 |  931.2 |
       Dungeon |   6785 |   6518 |    267 |    604 |   4737 |   7 |  969.3 |
         Sewer |    664 |    664 |      0 |      0 |    510 |   1 |  664.0 |
               +--------+--------+--------+--------+--------+-----+--------+

Top non-repeatable levels by time:
     D:6: 1437 daAuts
     D:1: 1206 daAuts
     D:5: 1202 daAuts
     D:3: 1010 daAuts
     D:2: 925 daAuts
     D:4: 722 daAuts
   Sewer: 664 daAuts
     D:7: 281 daAuts
